 Dungeon Crawl Stone Soup version 0.31.0-9-g3a7656b989 (webtiles) character file.

Game seed: 15236398031868696520

3354058 Amplified the Bringer of Law (level 27, 249/249 HPs)
             Began as a Merfolk Fighter on Jan 28, 2024.
             Was the Champion of Zin.
             Escaped with the Orb
             ... and 5 runes
             ... and 4 gems on Jan 29, 2024!
             The game lasted 03:15:22 (79217 turns).

Amplified the Bringer of Law (Merfolk Fighter)     Turns: 79217, Time: 03:15:22

Health: 249/249    AC: 24    Str: 31    XL:     27
Magic:  40/40      EV: 19    Int: 16    God:    Zin [******]
Gold:   4559       SH: 23    Dex: 17    Spells: 43/48 levels left

rFire   + + .        r - +8 trident of Ru's Esteem {venom, rElec Str+3 Int+3 Dex+4}
rCold   + + .        S - +5 Storm Queen's Shield {shock, Fly rElec}
rNeg    + . .        E - +0 plate armour of Olizosot {Will+ Slay+6}
rPois   +            c - +2 helmet {SInv}
rElec   +            j - scarf {rC+ rF+}
rCorr   +            H - +2 pair of gloves {Str+3}
SInv    +            N - +1 pair of boots "Vushroeli" {rF+ Stlth+}
Will    ++++.        P - amulet "Voutsoon" {Faith Dex+4 Stlth+} Stlth
                     Q - ring of Pymuiwen {+Blink rPois rC+ rN+}
HPRegen 0.61/turn    h - ring "Hero's Friend" {rElec Will+ rCorr Dex-4}
MPRegen 0.27/turn

%: faith
@: flying, studying Ranged Weapons
A: (nimble swimmer 2), mertail
0: Orb of Zot
}: 5/15 runes: barnacled, slimy, silver, abyssal, gossamer
a: Renounce Religion, Evoke Blink, Recite, Vitalisation, Imprison, Sanctuary,
Donate Gold


You escaped.
You worshipped Zin.
Zin was exalted by your worship.
You visited 12 branches of the dungeon, and saw 56 of its levels.
You visited the Abyss 1 time.
You visited 1 ziggurat, and saw 5 of its levels.
You also visited: Trove, Bailey, Gauntlet, Volcano, Wizlab and Desolation.

You collected 12084 gold pieces.
You spent 6953 gold pieces at shops.
You donated 572 gold pieces to Zin.

Inventory:

Hand Weapons
 r - the +8 trident of Ru's Esteem (weapon) {venom, rElec Str+3 Int+3 Dex+4}
   (You took it off a spriggan on level 8 of the Dungeon)

   Str+3:     It affects your strength (+3).
   Int+3:     It affects your intelligence (+3).
   Dex+4:     It affects your dexterity (+4).
   rElec:     It insulates you from electricity.
 O - the +9 broad axe of Kuurph {venom, SInv}
   (You found it on level 3 of the Crypt)

   SInv:      It lets you see invisible.
Missiles
 A - 3 throwing nets (quivered)
 R - 17 silver javelins
Armour
 c - a +2 helmet of see invisible (worn)
 j - a scarf of resistance (worn)
 s - the +0 pair of boots "Gumni" {rC+ rN+ Dex+3}
   (You found it on level 1 of a ziggurat)

   Dex+3:     It affects your dexterity (+3).
   rC+:       It protects you from cold.
   rN+:       It protects you from negative energy.
 C - the +0 cloak "Iwusm" {^Drain Regen+ rCorr Dex+5}
   (You found it on level 2 of the Elven Halls)

   Dex+5:     It affects your dexterity (+5).
   Regen+:    It increases your rate of health regeneration.
   rCorr:     It protects you from acid and corrosion.
   ^Drain:    It drains your maximum health when unequipped.
 E - the +0 plate armour of Olizosot (worn) {Will+ Slay+6}
   (You took it off a wight on level 9 of the Dungeon)

   Slay+6:    It affects your accuracy & damage with ranged weapons and melee
   (+6).
   Will+:     It increases your willpower.
 H - a +2 pair of gloves of strength (worn)
 K - the +4 dragonskin cloak
   (You took it off Tiamat on level 2 of the Realm of Zot)

   Avatar's Aegis: It grants the wearer a chance to resist fire, cold, poison,
   electricity, acid, and negative energy.
 N - the +1 pair of boots "Vushroeli" (worn) {rF+ Stlth+}
   (You acquired it on level 4 of the Dungeon)

   rF+:       It protects you from fire.
   Stlth+:    It makes you more stealthy.
 S - the +5 Storm Queen's Shield (worn) {shock, Fly rElec}
   (You found it on level 3 of the Elven Halls)

   Shock:     When it blocks an attack, it may electrocute the attacker.
   This works even against foes who are a short distance away.
   rElec:     It insulates you from electricity.
   Fly:       It grants you flight.
Jewellery
 e - the amulet "Ovocef" {Will++ Regen+ Int+6 Slay+2}
   (You acquired it on level 2 of the Realm of Zot)

   [amulet of regeneration]

   Int+6:     It affects your intelligence (+6).
   Slay+2:    It affects your accuracy & damage with ranged weapons and melee
   (+2).
   Will++:    It greatly increases your willpower.
   Regen+:    It increases your rate of health regeneration.
 h - the ring "Hero's Friend" (right hand) {rElec Will+ rCorr Dex-4}
   (You bought it in a shop on level 2 of the Orcish Mines)

   [ring of resist corrosion]

   Dex-4:     It affects your dexterity (-4).
   rElec:     It insulates you from electricity.
   Will+:     It increases your willpower.
   rCorr:     It protects you from acid and corrosion.
 u - a ring of resist corrosion
 L - the ring "Yferayl" {Fly rF++ Will+ Str-4 SInv}
   (You bought it in a shop on level 3 of the Depths)

   [ring of see invisible]

   Str-4:     It affects your strength (-4).
   rF++:      It greatly protects you from fire.
   Will+:     It increases your willpower.
   SInv:      It lets you see invisible.
   Fly:       It grants you flight.
 P - the amulet "Voutsoon" (around neck) {Faith Dex+4 Stlth+}
   (You found it in a Gauntlet)

   [amulet of faith]

   Faith:     It allows you to gain divine favour quickly.
   Dex+4:     It affects your dexterity (+4).
   Stlth+:    It makes you more stealthy.
 Q - the ring of Pymuiwen (left hand) {+Blink rPois rC+ rN+}
   (You found it in a Gauntlet)

   [ring of protection from cold]

   rC+:       It protects you from cold.
   rPois:     It protects you from poison rN+: It protects you from negative
   energy.
   +Blink:    It lets you blink.
 V - a ring of positive energy
Wands
 a - a wand of mindburst (48)
 b - a wand of digging (2)
 m - a wand of paralysis (89)
 q - a wand of iceblast (53)
 W - a wand of flame (9)
 Z - a wand of quicksilver (32)
Scrolls
 d - 9 scrolls of fog
 g - a scroll of blinking
 p - 2 scrolls of immolation
 t - 14 scrolls of poison
 v - a scroll of summoning
 w - a scroll of enchant armour
 z - a scroll of enchant weapon
 T - 4 scrolls of fear
 U - 19 scrolls of teleportation
 Y - a scroll of amnesia
Potions
 i - 13 potions of curing
 n - a potion of resistance
 o - 3 potions of heal wounds
 x - 18 potions of mutation
 D - 4 potions of invisibility
 F - 10 potions of enlightenment
 G - 4 potions of cancellation
 I - 5 potions of brilliance
 M - 11 potions of ambrosia
Miscellaneous
 f - a condenser vane (inert)
 l - a phial of floods
 y - a lightning rod (4/4)
 X - a sack of spiders (inert)


   Skills:
 O Level 27 Fighting
 - Level 16.3 Polearms
 - Level 10.9 Armour
 - Level 20.9 Dodging
 O Level 27 Shields
 * Level 11.2 Spellcasting
 - Level 6.0 Translocations
 * Level 8.2 Earth Magic
 O Level 27 Invocations


You had 43 spell levels left.
You knew the following spells:

 Your Spells              Type           Power      Damage    Failure   Level
a - Passwall              Erth           35%        N/A       5%          3
b - Lesser Beckoning      Tloc           56%        N/A       6%          2

Your spell library contained the following spells:

 Spells                   Type           Power      Damage    Failure   Level
 Sandblast                Erth           70%        2d15      1%          1
 Apportation              Tloc           56%        N/A       4%          1
 Blink                    Tloc           56%        N/A       6%          2
 Gell's Gravitas          Tloc           28%        N/A       13%         3
 Teleport Other           Tloc           28%        N/A       13%         3
 Momentum Strike          Conj/Tloc      36%        3d9       22%         2
 Stone Arrow              Conj/Erth      44%        3d9       28%         3
 Manifold Assault         Tloc           28%        N/A       38%         4
 Passage of Golubria      Tloc           28%        N/A       38%         4
 Lee's Rapid Deconstruct  Erth           17%        3d11*     43%         5
 Magic Dart               Conj           32%        1d4       45%         1
 Necrotise                Necr           32%        1d5       45%         1
 Shock                    Conj/Air       32%        1d5       45%         1
 Sting                    Conj/Alch      32%        1d5       45%         1
 Summon Small Mammal      Summ           32%        N/A       45%         1
 Call Imp                 Summ           16%        N/A       61%         2
 Cigotuvi's Dreadful Rot  Necr/Alch/Air  16%        N/A       61%         2
 Ensorcelled Hibernation  Hex/Ice        16%        N/A       61%         2
 Mercury Vapours          Alch/Air       16%        N/A       61%         2
 Searing Ray              Conj           16%        2d5       61%         2
 Static Discharge         Conj/Air       16%        3-4/arc   61%         2
 Sublimation of Blood     Necr           8%         N/A       61%         2
 Brom's Barrelling Bould  Conj/Erth      22%        2d4       67%         4
 Leda's Liquefaction      Alch/Erth      11%        N/A       67%         4
 Dimensional Bullseye     Hex/Tloc       9%         N/A       82%         4
 Vhi's Electric Charge    Tloc/Air       36%        N/A       82%         4
 Call Canine Familiar     Summ           8%         N/A       83%         3
 Dazzling Flash           Conj/Hex       16%        N/A       83%         3
 Inner Flame              Hex/Fire       8%         N/A       83%         3
 Sigil of Binding         Hex            8%         N/A       83%         3
 Summon Ice Beast         Ice/Summ       8%         N/A       83%         3
 Swiftness                Air            8%         N/A       83%         3
 Vampiric Draining        Necr           8%         2d6       83%         3
 Borgnjor's Vile Clutch   Necr/Erth      11%        N/A       95%         5
 Airstrike                Air            4%         2d(1-17)  99%         4
 Cause Fear               Hex            4%         N/A       99%         4
 Dispel Undead            Necr           8%         3d8       99%         4
 Flame Wave               Conj/Fire      8%         2d5       99%         4
 Ignite Poison            Fire/Alch      8%         N/A       99%         4
 Martyr's Knell           Necr/Summ      8%         N/A       99%         4
 Olgreb's Toxic Radiance  Alch           8%         N/A       99%         4
 Summon Blazeheart Golem  Fire/Summ      8%         N/A       99%         4
 Summon Forest            Summ/Tloc      9%         N/A       99%         5
 Fireball                 Conj/Fire      4%         3d4       100%        5
 Freezing Cloud           Conj/Ice/Air   4%         6-21      100%        5
 Irradiate                Conj/Alch      4%         3d13      100%        5
 Iskenderun's Battlesphe  Conj           8%         2d6       100%        5
 Silence                  Hex/Air        4%         N/A       100%        5
 Summon Mana Viper        Hex/Summ       8%         N/A       100%        5
 Bombard                  Conj/Erth      11%        9d3       100%        6
 Dispersal                Tloc           14%        N/A       100%        6
 Sculpt Simulacrum        Ice/Alch       4%         N/A       100%        6
 Summon Cactus Giant      Summ           4%         N/A       100%        6
 Monstrous Menagerie      Summ           4%         N/A       100%        7
 Orb of Destruction       Conj           4%         9d5       100%        7
 Ozocubu's Refrigeration  Ice            4%         4d8       100%        7
 Spellforged Servitor     Conj/Summ      4%         N/A       100%        7
 Summon Hydra             Summ           4%         N/A       100%        7
 Disjunction              Tloc           14%        N/A       100%        8
 Ignition                 Fire           4%         3d4       100%        8
 Lehudib's Crystal Spear  Conj/Erth      11%        10d4      100%        8
 Dragon's Call            Summ           4%         N/A       100%        9
 Polar Vortex             Ice            4%         N/A       100%        9


Dungeon Overview and Level Annotations

Branches:
Dungeon (15/15)            Temple (0/1) D:5            Lair (5/5) D:10
 Shoals (4/4) Lair:2       Spider (4/4) Lair:3        Slime (5/5) Lair:5
    Orc (2/2) D:12            Elf (3/3) Orc:2        Vaults (5/5) D:13
  Crypt (3/3) Vaults:2     Depths (4/4) D:15           Hell (visited)
    Zot (5/5) Depths:4     Bailey (visited)         Volcano (visited)
 WizLab (visited)         Desolation (visited)      Gauntlet (visited)
   Tomb: Crypt:3        Dis: Hell:1         Geh: Hell:1         Coc: Hell:1
    Tar: Hell:1

Altars:
Cheibriados
Dithmenos
Gozag
Hepliaklqana
Kikubaaqudgha
Makhleb
Ru
Trog
Uskayaw
Vehumet
Xom
Yredelemnul
Zin
The Shining One
Jiyva

Shops:
D:2 *   D:4 *[*   D:8 *   D:11 *   Orc:1 !   Orc:2 [*(=   Elf:1 !:   Vaults:4 !
Vaults:5 ???:[=!:   Crypt:2 *   Depths:2 ?[   Depths:3 [:==

Portals:
Hell: Depths:1 Depths:2 Depths:3 Depths:4
Abyss: Depths:1 Depths:3
Pandemonium: Depths:2

Annotations:
D:10 4 transporters
Shoals:2 1 runed translucent door, Heipt's ghost, adept OpSh
Crypt:3 Frederick


Innate Abilities, Weirdness & Mutations

((You are very nimble when in or above water. (Stealth+, EV+, Speed+++)))
Your lower body shifts to a powerful aquatic tail in water.


Message History

You kill the Ice Fiend!
Unknown command.
There is a stone staircase leading up here.
You fly upwards.
There is a stone staircase leading down here.
Unknown command.
You're wearing all the rings you can.
Remove which one? (? for menu, Esc to cancel) < or
Q - the ring of Pymuiwen {+Blink rPois rC+ rN+} > or
V - a ring of positive energy You remove your ring of positive energy.
You feel clumsy.
h - the ring "Hero's Friend" (right hand) {rElec Will+ rCorr Dex-4} Unknown command.
What level of the Dungeon? (default 1, ? - help)
Your divine stamina fades away.
There is a stone staircase leading up here.
You fly upwards.
There is a stone staircase leading down here.
Unknown command.
What level of the Dungeon? (default 1, ? - help)
You are ready to recite again.
There is a stone staircase leading up here.
You fly upwards.
There is a stone staircase leading down here.
There is a stone staircase leading up here.
You fly upwards.
There is a stone staircase leading down here.
Aiming: Dig
Press: ? - help, Shift-Dir - straight line A rock wall.
This square is covered in magical glow.
The rock shatters into small pieces.
Aiming: Dig
Press: ? - help, Shift-Dir - straight line This square is covered in magical glow.
The rock shatters into small pieces.
Unknown command.
There is a staircase leading out of the dungeon here.
You have escaped!

##...##.......##.........#
.....##.......###...#.#..#
......#.......#####...#..#
##....#.......#####...#..#
......#....#####...##....#
...........###.....##....#
#####.#####........##.####
###.#####.........###
#......##.....@...###
#.#.##.###...♣.....## ####
#.#.#...##.........## #...
#.#....#.#.........### #.## #
#.####.#..#.....###..# #.## #
#.####.#.##...#####..# #...
###..........#####.....#######.##
.....###.....###.####............
##.#.##.#...####.# #.##.........


There were no monsters in sight!

Vanquished Creatures
  the Royal Jelly (Slime:5)
  4 dread liches
  Tiamat (Zot:2)
  An ancient lich (Crypt:3)
  5 orbs of fire
  A pandemonium lord (D:8)
  A royal mummy (Zig:5)
  Boris (Elf:3)
  6 Killer Klowns (Zot:5)
  2 curse toes
  Geryon (Hell)
  15 golden dragons
  A mutant beast (WizLab)
  Nikola (Depths:2)
  Norris (Elf:1)
  2 hellephants (Depths:4)
  2 electric golems (Zot:5)
  3 doom hounds (Zot:2)
  An Ice Fiend (D:5)
  Zenata (Crypt:1)
  A walking crystal tome (Depths:3)
  Asterion (Vaults:1)
  Jorgrun (Shoals:1)
  23 Orb Guardians (Zot:5)
  The ghost of Skimidon the Black Belt, an adept DgSh (Elf:2)
  19 tentacled monstrosities
  5 liches
  Grunn (Zot:2)
  2 titans (Vaults:5)
  A walking divine tome (Depths:3)
  3 deep elf blademasters
  Polyphemus (Shoals:3)
  2 deep elf master archers (Elf:3)
  10 quicksilver dragons
  18 acid blobs
  8 sphinxes
  A kraken (Abyss:4)
  6 death cobs
  A tentacled starspawn (Abyss:1)
  7 tengu reavers
  4 draconian knights
  14 shadow dragons
  3 protean progenitors
  16 storm dragons
  11 draconian monks
  2 revenants
  14 rockslimes
  4 azure jellies
  12 fire giants
  A demonspawn warmonger (D:11)
  16 frost giants
  2 deep elf sorcerers
  6 emperor scorpions
  9 draconian shifters
  3 imperial myrmidons (Desolation)
  22 vault wardens
  11 ghost moths
  9 draconian scorchers
  4 deep elf elementalists
  A balrug (Hell)
  An orc warlord (Orc:2)
  A curse skull (Crypt:1)
  4 reapers
  4 spriggan defenders
  2 cacodemons
  17 ironbound preservers
  6 formless jellyfish
  3 draconian stormcallers
  4 draconian annihilators
  10 quicksilver oozes
  14 stone giants
  27 very ugly things
  2 broodmothers
  A caustic shrike skeleton (Depths:1)
  4 vampire knights
  4 ironbound thunderhulks
  16 deep elf annihilators
  13 green draconians
  11 yellow draconians
  A bunyip (Abyss:4)
  7 deep elf death magi
  8 deep elf demonologists
  8 spark wasps
  22 red draconians
  3 halazid warlocks (Desolation)
  6 war gargoyles
  13 purple draconians
  13 black draconians
  12 white draconians
  9 dire elephants
  An eidolon (Crypt:2)
  21 fire dragons
  2 blizzard demons (Hell)
  A quicksilver dragon zombie (Depths:3)
  A jiangshi (Zig:1)
  8 merfolk impalers
  8 deep elf high priests
  12 ettins
  The ghost of Skimidon the Grappler, a journeyman VSSh of Cheibriados (Lair:5)
  2 crystal guardians
  A shambling mangrove (Abyss:4)
  13 yaktaur captains
  4 merfolk javelineers
  A mummy priest (Zig:5)
  8 great orbs of eyes
  6 servants of whispers (Desolation)
  4 entropy weavers
  Harold (Lair:1)
  5 peacekeepers
  5 rakshasas
  A jorogumo (Spider:1)
  2 ghost crabs (Abyss:4)
  10 boulder beetles
  3 ragged hierophants (Desolation)
  8 spriggan air magi
  15 ice dragons
  4 alligator snapping turtles
  5 catoblepae
  7 ironbound frosthearts
  7 hydras
  42 vault guards
  4 merfolk avatars
  10 radroaches
  2 sphinx zombies (Hell)
  2 death knights
  11 deep troll earth magi
  41 dancing weapons
  5 centaur warriors
  11 hell hogs
  2 ogre magi (Vaults:5)
  12 two-headed ogres
  12 death yaks
  2 merfolk aquamancers (Shoals:4)
  3 two-headed ogres (shapeshifter)
  8 spriggan berserkers
  A death scarab (Zig:5)
  9 deep troll shamans
  4 satyrs
  4 orc high priests (Orc:2)
  8 tengu warriors
  3 vampire magi
  3 titan zombies
  2 occultists
  8 demonic crawlers
  2 soul eaters (Depths:1)
  A storm dragon zombie (Depths:3)
  6 sun demons
  The ghost of P0WERM0DE the Fighter, a novice BaCK of Cheibriados (D:8)
  10 hell knights
  Amaemon (Lair:3)
  14 skeletal warriors
  4 pharaoh ants
  27 deep elf knights
  9 iron trolls
  2 wretched stars (Abyss:1)
  A fire crab (Abyss:4)
  A sixfirhy (Abyss:4)
  7 skysharks
  A golden dragon zombie (Hell)
  A death drake (Depths:4)
  3 flayed ghosts
  An iron giant zombie (Hell)
  13 orb spiders
  16 large abominations
  2 salamander mystics (Depths:2)
  2 shadow demons
  A shadow wraith (Zig:1)
  2 mana vipers (shapeshifter) (WizLab)
  A sea snake (shapeshifter) (WizLab)
  6 sea snakes
  An orb spider (shapeshifter) (Zig:3)
  5 glowing orange brains
  38 deep trolls
  19 ironbound convokers
  A swamp dragon (shapeshifter) (WizLab)
  A swamp dragon (Zot:1)
  10 arcanists
  An anaconda zombie (Hell)
  15 deep elf archers
  A glowing orange brain (shapeshifter) (WizLab)
  An obsidian statue (D:12)
  Pikel (D:4)
  An orange crystal statue (Zot:5)
  A shock serpent (shapeshifter) (Vaults:5)
  30 deep elf zephyrmancers
  6 steelbarb worms
  6 starcursed masses
  A spriggan simulacrum (Hell)
  An iron dragon zombie (Depths:3)
  10 phantasmal warriors
  6 orc knights
  14 wolf spiders
  7 necromancers
  21 lindwurms
  51 ugly things
  30 deep elf pyromancers
  2 steelbarb worms (shapeshifter)
  17 harpies
  5 orc sorcerers
  A frost giant zombie (Hell)
  A harpy (shapeshifter) (D:13)
  2 fire giant zombies
  A shining eye (shapeshifter) (WizLab)
  A stone giant zombie (Depths:1)
  A wolf spider (shapeshifter) (WizLab)
  Maurice (D:10)
  A moth of wrath (shapeshifter) (WizLab)
  26 moths of wrath
  11 manticores
  7 shining eyes
  18 fauns
  A shadow dragon skeleton (Hell)
  9 cyclopes
  6 meliai
  A worldbinder (Abyss:1)
  9 salamanders
  A rust devil (Hell)
  An iron dragon skeleton (Zig:5)
  A water nymph (shapeshifter) (Vaults:5)
  8 merfolk sirens
  2 kobold blastminers (Orc:2)
  13 elephants
  2 guardian serpents (Desolation)
  4 water nymphs
  21 vault sentinels
  3 orange demons
  5 smoke demons
  3 apocalypse crabs
  7 unseen horrors
  3 black mambas
  7 cane toads (Lair:5)
  3 eyes of devastation
  A storm dragon simulacrum (Depths:3)
  A centaur skeleton (Crypt:3)
  13 torpor snails
  A gargoyle (D:12)
  A yaktaur (shapeshifter) (D:15)
  25 yaktaurs
  13 rime drakes
  5 freezing wraiths
  Maggie (D:8)
  An orb spider zombie (Crypt:2)
  A steelbarb worm zombie (Crypt:2)
  8 komodo dragons
  An unseen horror (shapeshifter) (WizLab)
  3 tengu conjurers
  A guardian mummy (Zig:5)
  A komodo dragon (shapeshifter) (Depths:3)
  A catoblepas skeleton (Crypt:1)
  A troll (shapeshifter) (D:13)
  A hellwing (D:8)
  2 polar bears
  A hydra zombie (Hell)
  A merfolk (shapeshifter) (WizLab)
  26 merfolk
  A queen bee (D:12)
  A sun moth zombie (Crypt:1)
  7 trolls
  3 tyrant leeches (Lair:5)
  25 hornets
  A hornet (shapeshifter) (WizLab)
  21 tarantellas
  A raiju (Abyss:1)
  6 wind drakes
  5 blink frogs
  18 saltlings (Desolation)
  Prince Ribbit (D:7)
  A fire dragon zombie (Crypt:3)
  11 glass eyes
  8 snapping turtles
  A spriggan zombie (Zig:5)
  15 dream sheep
  Sigmund (D:2)
  70 slime creatures
  13 culicivoras
  5 spriggans
  4 wraiths
  3 air elementals
  3 ettin zombies
  31 jumping spiders
  A spriggan (shapeshifter) (WizLab)
  13 wyverns
  13 water elementals
  6 fire bats
  4 shadows
  3 humans
  66 yaks
  10 small abominations
  A hog (shapeshifter) (D:14)
  A golden eye (Abyss:1)
  A warg (Orc:1)
  8 basilisks
  2 fire elementals
  38 redbacks
  7 steam dragons
  A redback (shapeshifter) (WizLab)
  3 chaos spawn (Depths:3)
  An iron golem (WizLab)
  A naga (shapeshifter) (D:15)
  A glowing shapeshifter zombie (Hell)
  3 swamp worms (shapeshifter)
  6 water moccasins
  6 hell hounds
  An acid dragon (D:13)
  A human skeleton (Depths:1)
  5 sky beasts
  A lindwurm zombie (Crypt:2)
  30 orc warriors
  A black bear (D:8)
  17 laughing skulls
  An ice beast (D:7)
  A swamp dragon zombie (Crypt:2)
  5 ogres
  5 wolves
  2 centaurs
  A lemure (D:4)
  2 weeping skulls (Crypt:2)
  2 kobold brigands
  6 bullfrogs
  Blork the orc (D:4)
  4 earth elementals
  10 scorpions
  5 wights (D:9)
  26 killer bees
  2 crimson imps (Gauntlet)
  7 electric eels
  9 howler monkeys
  5 bombardier beetles
  6 jellies
  27 orc priests
  2 iguanas
  2 sleepcaps (D:7)
  24 orc wizards
  5 hell rats (D:14)
  2 mummies (Zig:5)
  Robin (D:4)
  11 gnolls (Bailey)
  3 adders
  2 shadow imps
  2 white imps
  2 dart slugs
  6 ribbon worms
  103 orcs
  A ball python (D:1)
  7 endoplasms
  3 giant cockroaches
  24 goblins
  9 hobgoblins
  4 jackals (D:4)
  18 kobolds
  2 quokkas
  3 bats
  2 frilled lizards
  A goblin skeleton (D:8)
  A hobgoblin zombie (D:8)
  2 kobold skeletons (D:8)
  2 kobold zombies (D:8)
  An orc zombie (D:8)
  3 rats
  6 spectral weapons (Vaults:1)
  A starspawn tentacle (Abyss:4)
  2 tentacles (Abyss:4)
2570 creatures vanquished.

Vanquished Creatures (collateral kills)
  A black draconian (Zot:1)
  A minotaur (Gauntlet)
  A dancing weapon (Elf:2)
  2 deep elf knights (Elf:2)
  A deep elf zephyrmancer (Elf:2)
  A spriggan (Depths:1)
7 creatures vanquished.

Vanquished Creatures (others)
  A golden dragon (Depths:4)
  A skyshark (Shoals:1)
  A fire crab (Abyss:4)
  A lindwurm (shapeshifter) (WizLab)
  A hornet (Depths:1)
  2 saltlings (Desolation)
  A water elemental (Hell)
  A spriggan (Depths:1)
  2 starspawn tentacles (Abyss:4)
  3 tentacles (Abyss:4)
14 creatures vanquished.

Grand Total: 2591 creatures vanquished

Notes
Turn   | Place    | Note
-------+----------+-------------------------------------------
     0 | D:1      | Amplified the Merfolk Fighter began the quest for the Orb.
     0 | D:1      | Reached XP level 1. HP: 18/18 MP: 1/1
   107 | D:1      | Reached XP level 2. HP: 21/24 MP: 2/2
   659 | D:2      | Found an opulent altar of Gozag.
   757 | D:2      | Reached XP level 3. HP: 30/30 MP: 3/3
   865 | D:2      | Noticed Sigmund
   881 | D:2      | Killed Sigmund
   882 | D:2      | Reached XP level 4. HP: 15/38 MP: 4/4
   882 | D:2      | Reached XP level 5. HP: 18/43 MP: 5/5
   987 | D:2      | Found Taybb's Assorted Antiques.
   994 | D:2      | Bought a scroll labelled GUASOMO TUORR for 26 gold pieces
   994 | D:2      | Bought a scroll labelled BULETU DEREOSI for 26 gold pieces
   994 | D:2      | Bought a scroll labelled LETIAH AXAUG for 26 gold pieces
   994 | D:2      | Bought a metallic dark potion for 23 gold pieces
  1244 | D:2      | Identified 3 scrolls of acquirement
  1244 | D:2      | Acquired a scarf of resistance
  1447 | D:3      | Found a bloodstained altar of Trog.
  1981 | D:3      | Reached XP level 6. HP: 49/49 MP: 6/6
  2440 | D:4      | Found Rualimyi's General Store.
  2451 | D:4      | Bought a potion of heal wounds for 70 gold pieces
  2485 | D:4      | Reached skill level 5 in Fighting
  2485 | D:4      | Reached skill level 5 in Polearms
  2602 | D:4      | Noticed Robin
  2641 | D:4      | Noticed Pikel
  2649 | D:4      | Killed Robin
  2656 | D:4      | Killed Pikel
  2657 | D:4      | Reached skill level 5 in Shields
  2657 | D:4      | Reached XP level 7. HP: 36/58 MP: 7/7
  2657 | D:4      | Reached XP level 8. HP: 39/64 MP: 8/8
  2744 | D:4      | Found Jetzolum's Antique Armour Emporium.
  2773 | D:4      | Found Sikuxt's General Store.
  2870 | D:4      | Noticed Blork the orc
  2877 | D:4      | Killed Blork the orc
  2957 | D:5      | Entered Level 5 of the Dungeon
  2959 | D:5      | Noticed a yak
  2962 | D:5      | Noticed a yak
  2974 | D:5      | Found a glowing silver altar of Zin.
  2977 | D:5      | Became a worshipper of Zin the Law-Giver
  3083 | D:5      | Noticed a yak
  3104 | D:5      | Killed a yak
  3105 | D:5      | Reached skill level 1 in Invocations
  3111 | D:5      | Killed a yak
  3116 | D:5      | Killed a yak
  3418 | D:5      | Noticed a wraith
  3519 | D:5      | Found a staircase to the Ecumenical Temple.
  3529 | D:5      | Reached * piety under Zin
  3672 | D:5      | Reached XP level 9. HP: 72/72 MP: 11/11
  3976 | D:6      | Identified the +1 short sword "Fox Ruev" {drain, *Slow
                  | rPois Dex+3 Stlth+}
  4029 | D:6      | Found a sacrificial altar of Ru.
  4239 | D:6      | Reached ** piety under Zin
  4523 | D:7      | Found a burning altar of Makhleb.
  4672 | D:7      | Noticed Prince Ribbit
  4717 | D:7      | Killed Prince Ribbit
  4939 | D:7      | Reached skill level 5 in Invocations
  4944 | D:7      | Reached XP level 10. HP: 32/80 MP: 13/13
  5111 | D:7      | Found a hazy altar of Hepliaklqana.
  5143 | D:7      | Identified the +1 hand axe of Honesty {flame, rC+}
  5174 | D:7      | Found an ancient bone altar of Kikubaaqudgha.
  5245 | D:7      | Found a shadowy altar of Dithmenos.
  5514 | D:4      | Bought a pair of boots for 112 gold pieces
  5607 | D:8      | Found a glowing golden altar of the Shining One.
  5727 | D:8      | Reached *** piety under Zin
  5737 | D:8      | Noticed Maggie
  5762 | D:8      | Killed Maggie
  5769 | D:8      | Found Qycy's CLEARANCE SALE!.
  6002 | D:8      | Noticed P0WERM0DE's ghost (novice BaCK)
  6003 | D:8      | Found a runed translucent door.
  6006 | D:8      | Identified the +8 trident of Ru's Esteem {venom, rElec
                  | Str+3 Int+3 Dex+4}
  6247 | D:9      | Reached skill level 10 in Polearms
  6381 | D:9      | Identified the +3 ring mail "Ajotebal" {MP+9}
  6556 | D:9      | Identified the +0 plate armour of Olizosot {Will+ Slay+6}
  6859 | D:9      | Reached XP level 11. HP: 82/89 MP: 16/16
  7013 | D:9      | Reached **** piety under Zin
  7510 | D:10     | Entered Level 10 of the Dungeon
  7510 | D:10     | Found a transporter.
  7531 | D:10     | Found a transporter.
  7533 | D:10     | Found a transporter.
  7558 | D:10     | Found a flagged portal.
  7571 | D:10     | Noticed a two-headed ogre
  7578 | D:10     | Killed a two-headed ogre
  7579 | D:10     | Reached skill level 5 in Armour
  7597 | Bailey   | Entered a bailey
  8295 | D:10     | Noticed a green ugly thing
  8302 | D:10     | Killed a green ugly thing
  8333 | D:10     | Found a shimmering altar of Xom.
  8357 | D:10     | Found a snail-covered altar of Cheibriados.
  8358 | D:10     | Found a radiant altar of Vehumet.
  8358 | D:10     | Found a basalt altar of Yredelemnul.
  8358 | D:10     | Found a hide-covered altar of Uskayaw.
  8441 | D:10     | Found a staircase to the Lair.
  8510 | D:10     | Found a transporter.
  8564 | D:10     | Noticed Maurice
  8570 | D:10     | Something stole a +3 heavy trident
  8576 | D:10     | Something stole a +1 buckler
  8580 | D:10     | Something stole 313 gold
  8581 | D:10     | Killed Maurice
  8859 | D:11     | Noticed a skeletal warrior
  8859 | D:11     | Noticed a skeletal warrior
  8859 | D:11     | Noticed a skeletal warrior
  9641 | D:12     | Noticed a deep elf pyromancer
  9885 | D:12     | Noticed a two-headed ogre
  9889 | D:12     | Noticed a boulder beetle
  9929 | D:12     | Killed a boulder beetle
  9931 | D:12     | Killed a two-headed ogre
  9932 | D:12     | Reached skill level 15 in Polearms
  9940 | D:12     | Reached XP level 12. HP: 33/97 MP: 17/17
 10424 | D:12     | Reached skill level 1 in Dodging
 10426 | D:12     | Identified the +11 spear of Detrosaw {holy, rF+ Str+2 SInv}
 10428 | D:12     | Identified the +9 orcbow of Ymeecs {elec, Fly rC- rN+++
                  | Str-4}
 10606 | D:12     | Reached skill level 10 in Fighting
 10814 | D:12     | Found a staircase to the Orcish Mines.
 11048 | D:13     | Noticed a deep elf knight
 11116 | D:13     | Noticed an entropy weaver
 11137 | D:13     | Noticed a tengu warrior
 11257 | D:13     | Noticed a catoblepas
 11323 | D:13     | Found a gate leading to a gauntlet.
 11333 | Gauntlet | Entered a Gauntlet
 11333 | Gauntlet | Found a transporter.
 11333 | Gauntlet | Found a transporter.
 11393 | Gauntlet | Found a transporter.
 11411 | Gauntlet | Found a transporter.
 11411 | Gauntlet | Found a transporter.
 11415 | Gauntlet | Found a transporter.
 11415 | Gauntlet | Found a transporter.
 11420 | Gauntlet | Found a runed translucent door.
 11420 | Gauntlet | Noticed a hell hog
 11430 | Gauntlet | Found a transporter.
 11438 | Gauntlet | Found a runed translucent door.
 11445 | Gauntlet | Found a transporter.
 11447 | Gauntlet | Found a runed translucent door.
 11454 | Gauntlet | Found a runed translucent gate.
 11455 | Gauntlet | Found a transporter.
 11455 | Gauntlet | Found a runed translucent gate.
 11456 | Gauntlet | Found a runed translucent gate.
 11456 | Gauntlet | Noticed an eight-headed hydra
 11470 | Gauntlet | Found a transporter.
 11483 | Gauntlet | Found a transporter.
 11490 | Gauntlet | Found a transporter.
 11502 | Gauntlet | Found a transporter.
 11597 | Gauntlet | Identified the amulet "Voutsoon" {Faith Dex+4 Stlth+}
 11676 | Gauntlet | Killed a 12-headed hydra
 11689 | Gauntlet | Identified the ring of Pymuiwen {+Blink rPois rC+ rN+}
 11845 | Gauntlet | Noticed a minotaur
 11860 | Gauntlet | Killed a minotaur
 11861 | Gauntlet | Reached skill level 5 in Dodging
 12189 | D:11     | Noticed a two-headed ogre
 12194 | D:11     | Killed a two-headed ogre
 12401 | D:11     | Found Gozag's Platinum Reserve.
 12410 | D:11     | Found an opulent altar of Gozag.
 12591 | D:14     | Reached skill level 10 in Shields
 12615 | D:14     | Reached XP level 13. HP: 97/106 MP: 19/19
 13694 | D:14     | Reached skill level 10 in Invocations
 14199 | D:15     | Entered Level 15 of the Dungeon
 14518 | D:15     | Found a portal to a secret trove of treasure.
 14523 | D:15     | Acquired the +1 pair of boots "Vushroeli" {rF+ Stlth+}
 14525 | D:15     | Acquired a manual of Dodging
 14527 | D:15     | Acquired 628 gold pieces
 14528 | D:15     | Reached ***** piety under Zin
 14790 | D:4      | Bought a scorched plate armour for 700 gold pieces
 14790 | D:4      | Identified the +5 plate armour "Ruyntar" {Fly SInv} (You
                  | bought it in a shop on level 4 of the Dungeon)
 14792 | D:4      | Bought a slimy leather armour for 175 gold pieces
 14792 | D:4      | Identified the +1 leather armour of Bitterness {+Blink
                  | Dex+4} (You bought it in a shop on level 4 of the Dungeon)
 14792 | D:4      | Bought a runed hat for 175 gold pieces
 14883 | D:8      | Killed P0WERM0DE's ghost
 14894 | D:8      | Reached XP level 14. HP: 94/116 MP: 20/22
 15093 | Orc:1    | Entered Level 1 of the Orcish Mines
 15266 | Orc:1    | Reached ****** piety under Zin
 15334 | Orc:1    | Reached skill level 10 in Dodging
 15425 | Orc:1    | Found Maimifif's Distillery.
 15433 | Orc:1    | Bought a potion of curing for 45 gold pieces
 15433 | Orc:1    | Bought a potion of curing for 45 gold pieces
 15433 | Orc:1    | Bought a potion of invisibility for 120 gold pieces
 15433 | Orc:1    | Bought a potion of cancellation for 120 gold pieces
 15433 | Orc:1    | Bought a potion of brilliance for 60 gold pieces
 15589 | Orc:2    | Entered Level 2 of the Orcish Mines
 16081 | Orc:2    | Noticed an orc warlord
 16413 | Orc:2    | Killed an orc warlord
 16624 | Orc:2    | Reached skill level 15 in Dodging
 16757 | Orc:2    | Found Hakietuw's General Store.
 16758 | Orc:2    | Found Uxapnurr's Jewellery Shop.
 16760 | Orc:2    | Found Jelidopn's Antique Armour Boutique.
 16760 | Orc:2    | Found Rabiul's Antique Weapon Boutique.
 16893 | Orc:2    | Found a staircase to the Elven Halls.
 17127 | Lair:1   | Entered Level 1 of the Lair of Beasts
 17127 | Lair:1   | Noticed Harold
 17140 | Lair:1   | Killed Harold
 17149 | Lair:1   | You fall into a shaft and drop 1 floor!
 17533 | Lair:2   | Found a dark tunnel.
 17554 | Volcano  | Entered a volcano
 18108 | Lair:3   | Reached XP level 15. HP: 122/122 MP: 21/23
 18182 | Lair:3   | Noticed Amaemon
 18193 | Lair:3   | Killed Amaemon
 18592 | Lair:5   | Entered Level 5 of the Lair of Beasts
 19108 | Lair:5   | Identified the +1 robe "Gyav" {rElec rF+ Int+4 Dex+3}
 19255 | Lair:5   | Got an earthy gem with 2146 turns to spare
 19351 | Lair:5   | Found a staircase to the Slime Pits.
 19352 | Lair:5   | Found a viscous altar of Jiyva.
 19860 | Lair:5   | Identified the serpent talisman of the Villain {Will- Int+4
                  | Slay+3}
 19984 | Lair:5   | Found a runed translucent gate.
 19984 | Lair:5   | Found a runed translucent gate.
 19984 | Lair:5   | Found a runed translucent gate.
 20197 | Lair:5   | Reached skill level 15 in Fighting
 20517 | Lair:5   | Noticed Skimidon's ghost (journeyman VSSh)
 20545 | Lair:5   | Killed Skimidon's ghost
 20770 | Lair:4   | Reached XP level 16. HP: 136/136 MP: 25/25
 21072 | Lair:4   | Reached XP level 17. HP: 142/142 MP: 25/27
 21387 | Lair:3   | Found a hole to the Spider Nest.
 21681 | Lair:3   | Identified the +1 pair of boots of Qontawk {+Blink rF-
                  | Regen+ Int+9 Slay-2}
 21945 | Spider:1 | Entered Level 1 of the Spider Nest
 23313 | Spider:2 | You are sucked into a shaft and drop 1 floor!
 23544 | Spider:3 | Reached skill level 15 in Invocations
 23612 | Spider:4 | Entered Level 4 of the Spider Nest
 24938 | Spider:4 | Reached XP level 18. HP: 80/155 MP: 29/29
 25179 | Spider:4 | Got a gossamer rune of Zot
 27592 | Spider:1 | Identified the +0 leather armour "Batampi" {Harm Int+2
                  | Stlth+}
 28811 | Lair:2   | Found a staircase to the Shoals.
 28821 | Shoals:1 | Entered Level 1 of the Shoals
 29322 | Shoals:1 | Noticed Jorgrun
 29437 | Shoals:1 | Killed Jorgrun
 29866 | Shoals:2 | Found a runed translucent door.
 29866 | Shoals:2 | Found a shimmering altar of Xom.
 29866 | Shoals:2 | Noticed Heipt's ghost (adept OpSh)
 29866 | Shoals:2 | Identified the +6 war axe of Jilozuih {chaos, rC+ Int+2}
 30139 | Shoals:3 | Noticed Polyphemus
 30527 | Shoals:4 | Entered Level 4 of the Shoals
 30552 | Shoals:4 | Reached XP level 19. HP: 155/167 MP: 31/31
 30569 | Shoals:4 | Identified the +5 broad axe "Cuch" {heavy, rN+ Int+2}
 31257 | Shoals:3 | Reached skill level 10 in Armour
 31400 | Shoals:3 | Killed Polyphemus
 32108 | Shoals:3 | Reached XP level 20. HP: 176/176 MP: 32/32
 33182 | Shoals:4 | Got a barnacled rune of Zot
 35022 | D:13     | Found a gate to the Vaults.
 35248 | D:14     | Acquired a +0 helmet of see invisible
 35612 | D:15     | Found a staircase to the Depths.
 35982 | Vaults:1 | Entered Level 1 of the Vaults
 35986 | Vaults:1 | Identified the +3 dagger of Noxious Subterfuge {freeze,
                  | MP+9}
 36248 | Vaults:1 | Noticed Asterion
 36289 | Vaults:1 | HP: 2/180 [Asterion/+1 spectral demon trident (24)]
 36290 | Vaults:1 | Zin protects you from harm!
 36311 | Vaults:1 | Killed Asterion
 36682 | Vaults:1 | Reached XP level 21. HP: 185/187 MP: 34/34
 37496 | Vaults:1 | Found the +8 demon blade "Leech" {evervamp, Harm ^Drain
                  | rN+}
 38382 | Vaults:2 | Found a staircase to the Crypt.
 38382 | Vaults:2 | Found a basalt altar of Yredelemnul.
 38382 | Vaults:2 | Found an ancient bone altar of Kikubaaqudgha.
 39285 | Vaults:3 | Found a magical portal.
 39290 | WizLab   | Entered Cigotuvi's Fleshworks
 39886 | WizLab   | Found the +4 Cigotuvi's embrace {Corpsefed rMiasma ^Drain
                  | rN+}
 40253 | WizLab   | Learned a level 3 spell: Passwall
 40530 | WizLab   | Got Cigotuvi's Secrets of the Loathsome Panacea
 40533 | WizLab   | Identified the flux talisman "Kyen" {rF+ rC- Str+6 Dex+2}
 41464 | Vaults:3 | Reached XP level 22. HP: 130/197 MP: 36/36
 42754 | Vaults:4 | Found a crumbling gateway.
 42763 | Desolati | Entered the Desolation of Salt
 42889 | Desolati | Identified the +0 leather armour of Winter {Int+4}
 43298 | Desolati | Identified the +7 broad axe "Wialiq Vee" {freeze, *Slow
                  | rN++ Int+2 Stlth+}
 44570 | Vaults:4 | Found Unloy's Distillery.
 44578 | Vaults:4 | Bought a potion of enlightenment for 100 gold pieces
 44578 | Vaults:4 | Bought a potion of ambrosia for 160 gold pieces
 45174 | Crypt:1  | Entered Level 1 of the Crypt
 45186 | Crypt:1  | Noticed Zenata
 45211 | Crypt:1  | Killed Zenata
 45652 | Crypt:2  | Found Ukota's Round Resellers.
 45803 | Crypt:3  | Entered Level 3 of the Crypt
 46069 | Crypt:3  | Reached XP level 23. HP: 142/205 MP: 36/38
 46220 | Crypt:3  | Reached skill level 15 in Shields
 46251 | Crypt:3  | Found a basalt altar of Yredelemnul.
 46251 | Crypt:3  | Noticed an ancient lich
 46260 | Crypt:3  | Killed an ancient lich
 46269 | Crypt:3  | Got an ivory gem with 857 turns to spare
 46293 | Crypt:3  | Found the +8 Vampire's Tooth {megavamp}
 46304 | Crypt:3  | Identified the +9 broad axe of Kuurph {venom, SInv}
 46312 | Crypt:3  | Identified the staff of Vysuto Roda {^Drain rN+ Necro Tloc
                  | Alchemy}
 46312 | Crypt:3  | Identified the death talisman of Xean Gue {rC+ Dex+2}
 46375 | Crypt:3  | Identified the orb "Gicuneil" {light, Dex+5 SInv}
 46375 | Crypt:3  | Noticed Frederick
 47031 | Orc:2    | Bought the ring "Hero's Friend" {rElec Will+ rCorr Dex-4}
                  | for 374 gold pieces
 47081 | Elf:1    | Entered Level 1 of the Elven Halls
 47321 | Elf:3    | Entered Level 3 of the Elven Halls
 47391 | Elf:3    | Paralysed by an air elemental for 1 turns
 47396 | Elf:3    | Paralysed by an air elemental for 1 turns
 47634 | Elf:3    | Noticed Boris
 47652 | Elf:3    | Killed Boris
 48131 | Elf:3    | Identified the +1 hand axe of Charmed Action {drain, Int+2}
 48323 | Elf:3    | Got Ijuroz's Precepts of Jinxing and the Rocks
 48422 | Elf:3    | Found the +5 Storm Queen's Shield {shock, Fly rElec}
 48425 | Elf:3    | Got a shimmering gem with 595 turns to spare
 48732 | Elf:3    | Got the Vellum of the Singed Geodesic
 48737 | Elf:3    | Identified the +2 robe of Niug {Slay+3 Stlth+}
 48746 | Elf:3    | Identified the +6 short sword of Conflict {speed, rCorr
                  | Int+3 Dex-4}
 49264 | Elf:2    | Found a runed translucent gate.
 49403 | Elf:2    | Found a runed translucent gate.
 49403 | Elf:2    | Found a runed translucent gate.
 49410 | Elf:2    | Noticed Skimidon's ghost (adept DgSh)
 49532 | Elf:2    | Killed Skimidon's ghost
 49637 | Elf:2    | Identified the +1 pair of gloves of a bailey {Int+3}
 49656 | Elf:2    | Identified the +0 cloak "Iwusm" {^Drain Regen+ rCorr Dex+5}
 49794 | Elf:2    | Found a runed translucent gate.
 49795 | Elf:2    | Found a runed translucent gate.
 49795 | Elf:2    | Found a runed translucent gate.
 49836 | Elf:2    | Reached XP level 24. HP: 158/215 MP: 39/39
 50023 | Elf:2    | Found an ancient bone altar of Kikubaaqudgha.
 51177 | Elf:1    | Noticed Norris
 51198 | Elf:1    | Killed Norris
 51434 | Elf:1    | Found Gagacaniot's Book Emporium.
 51442 | Elf:1    | Found Roirr's Distillery.
 51451 | Elf:1    | Bought a potion of curing for 42 gold pieces
 51451 | Elf:1    | Bought a potion of curing for 42 gold pieces
 51451 | Elf:1    | Bought a potion of curing for 42 gold pieces
 51451 | Elf:1    | Bought a potion of cancellation for 112 gold pieces
 51457 | Elf:1    | Bought a book of the Moon for 600 gold pieces
 51826 | Elf:1    | Got Meorchyre's Octavo of the Combined Impact
 52135 | Depths:1 | Entered Level 1 of the Depths
 52209 | Depths:2 | Found Caonupnyxo's Magic Scroll Boutique.
 52254 | Depths:2 | Bought a scroll of blinking for 82 gold pieces
 52254 | Depths:2 | Bought a scroll of blinking for 82 gold pieces
 52254 | Depths:2 | Bought a scroll of acquirement for 572 gold pieces
 52254 | Depths:2 | Bought a scroll of blinking for 82 gold pieces
 52254 | Depths:2 | Acquired 686 gold pieces
 52613 | Depths:3 | You are sucked into a shaft and drop 1 floor!
 52613 | Depths:4 | Entered Level 4 of the Depths
 52723 | Depths:4 | Found a one-way gateway to a ziggurat.
 53369 | Depths:4 | Identified the +12 glaive "Kuceps" {freeze, Int+3}
 53371 | Depths:4 | Identified the +7 flail of the Trees {heavy, Will+ Int+4}
 53472 | Depths:4 | Reached XP level 25. HP: 143/225 MP: 39/39
 53695 | Depths:4 | Found a gate to the Realm of Zot.
 53745 | Depths:4 | Got a midnight gem with 1623 turns to spare
 54218 | Depths:4 | Found a snail-covered altar of Cheibriados.
 54671 | Depths:4 | Found a gateway to Hell.
 55921 | Depths:3 | Found Pump's Armour Emporium.
 55966 | Depths:3 | Bought a +1 pair of gloves of strength for 247 gold pieces
 56295 | Depths:3 | Found a one-way gate to the infinite horrors of the Abyss.
 56336 | Depths:3 | Found Wuikuel's Jewellery Shoppe.
 56337 | Depths:3 | Found Vuttuz's Book Boutique.
 56338 | Depths:3 | Found Wedefoan's Jewellery Shoppe.
 56355 | Depths:3 | Bought a book of Spatial Translocations for 324 gold pieces
 56357 | Depths:3 | Bought the ring "Yferayl" {Fly rF++ Will+ Str-4 SInv} for
                  | 814 gold pieces
 56500 | Depths:2 | Found Bidghiz's Antique Armour Boutique.
 56671 | Depths:2 | Noticed Nikola
 56705 | Depths:2 | Killed Nikola
 57122 | Depths:2 | Reached skill level 27 in Invocations
 57308 | Depths:2 | Reached XP level 26. HP: 169/237 MP: 40/40
 58502 | Depths:2 | Found a one-way gate leading to the halls of Pandemonium.
 59162 | Depths:1 | Reached skill level 27 in Fighting
 59581 | Depths:1 | Found a sacrificial altar of Ru.
 60247 | Vaults:5 | Entered Level 5 of the Vaults
 60979 | Vaults:5 | Reached XP level 27. HP: 172/249 MP: 39/40
 61009 | Vaults:5 | Found Pen Ximn's Armour Shop.
 61215 | Vaults:5 | Identified the +9 orcbow "Hale" {drain, Str+5}
 61216 | Vaults:5 | Found Seloal's Magic Scroll Boutique.
 61317 | Vaults:5 | Bought a scroll of fear for 92 gold pieces
 61317 | Vaults:5 | Bought a scroll of teleportation for 69 gold pieces
 61317 | Vaults:5 | Bought a scroll of fear for 92 gold pieces
 61717 | Vaults:5 | Found Vaucrep's Magic Scroll Emporium.
 61722 | Vaults:5 | Bought a scroll of enchant armour for 150 gold pieces
 61722 | Vaults:5 | Bought a scroll of fear for 80 gold pieces
 61722 | Vaults:5 | Bought a scroll of teleportation for 60 gold pieces
 61836 | Vaults:5 | Found Qubrusirr's Magic Scroll Shoppe.
 61858 | Vaults:5 | Bought a scroll of teleportation for 69 gold pieces
 61858 | Vaults:5 | Bought a scroll of teleportation for 69 gold pieces
 61930 | Vaults:5 | Found Wuetiru's Book Shoppe.
 61944 | Vaults:5 | Got a silver rune of Zot
 61970 | Vaults:5 | Found Peodaseol's Distillery.
 61971 | Vaults:5 | Found Hig Niali's Book Emporium.
 61979 | Vaults:5 | Found Iboreguf's Jewellery Boutique.
 61982 | Vaults:5 | Bought a potion of curing for 36 gold pieces
 61982 | Vaults:5 | Bought a potion of curing for 36 gold pieces
 61982 | Vaults:5 | Bought a potion of curing for 36 gold pieces
 61982 | Vaults:5 | Bought a potion of haste for 120 gold pieces
 61982 | Vaults:5 | Bought a potion of mutation for 96 gold pieces
 61982 | Vaults:5 | Bought a potion of enlightenment for 60 gold pieces
 61982 | Vaults:5 | Bought a potion of resistance for 120 gold pieces
 61982 | Vaults:5 | Bought 2 potions of haste for 240 gold pieces
 62370 | Vaults:5 | Learned a level 2 spell: Lesser Beckoning
 62652 | Depths:1 | Voluntarily entered the Abyss.
 63027 | Abyss:3  | Found a corrupted altar of Lugonu.
 63186 | Abyss:4  | Got an abyssal rune of Zot
 63215 | Depths:1 | Escaped the Abyss
 63801 | D:2      | Bought a potion of heal wounds for 130 gold pieces
 64132 | Hell     | Entered the Vestibule of Hell
 64132 | Hell     | Noticed Geryon
 64721 | Hell     | Noticed a dread lich
 64977 | Hell     | Killed a dread lich
 65459 | Hell     | Killed Geryon
 65559 | D:15     | You paid a toll of the horn of Geryon to enter a treasure
                  | trove
 65560 | Trove    | Entered a treasure trove
 65802 | Slime:1  | Entered Level 1 of the Pits of Slime
 65835 | Slime:1  | You are sucked into a shaft and drop 1 floor!
 66545 | Slime:5  | Entered Level 5 of the Pits of Slime
 66947 | Slime:5  | Found a viscous altar of Jiyva.
 67313 | Slime:5  | Noticed the Royal Jelly
 67366 | Slime:5  | Killed the Royal Jelly
 67431 | Slime:5  | Got a slimy rune of Zot
 67651 | Slime:5  | Identified the +7 longbow "Okysoini" {antimagic, Fly Str+2
                  | Int+5 Stlth-}
 67830 | Slime:5  | Identified the +6 hand axe of Intuition {flame, rPois
                  | Dex+2}
 67831 | Slime:5  | Identified the staff "Dragonbane" {rC+ rCorr Ice Earth}
 68310 | Zot:1    | Entered Level 1 of the Realm of Zot
 68431 | Zot:1    | Got Ixuenah's Vademecum on Impulse
 68434 | Zot:1    | Got the Writings on Dynamic Abominable Rites
 68909 | Zot:1    | Noticed an orb of fire
 68941 | Zot:1    | Killed an orb of fire
 68942 | Zot:1    | Reached skill level 1 in Spellcasting
 68942 | Zot:1    | Reached skill level 1 in Translocations
 70222 | Zot:2    | Found the +4 dragonskin cloak
 70222 | Zot:2    | Noticed Tiamat
 70860 | Zot:3    | Reached skill level 5 in Spellcasting
 70960 | Zot:3    | Reached skill level 5 in Translocations
 72028 | Zot:5    | Entered Level 5 of the Realm of Zot
 72817 | Zot:2    | Acquired the amulet "Ovocef" {Will++ Regen+ Int+6 Slay+2}
 73096 | Zot:2    | Noticed Grunn
 73119 | Zot:2    | Reached skill level 1 in Earth Magic
 73494 | Zot:2    | Killed Tiamat
 74513 | Zot:2    | Killed Grunn
 74758 | Zig:1    | Entered Level 1 of a ziggurat
 74872 | Zig:1    | Identified the +0 pair of boots "Gumni" {rC+ rN+ Dex+3}
 74883 | Zig:2    | Entered Level 2 of a ziggurat
 74931 | Zig:3    | Entered Level 3 of a ziggurat
 74961 | Zig:4    | Entered Level 4 of a ziggurat
 75016 | Zig:4    | Identified the +7 plate armour of the Desolation of Salt
                  | {Dex+3}
 75182 | Zig:5    | Entered Level 5 of a ziggurat
 75186 | Zig:5    | Noticed a royal mummy
 75202 | Zig:5    | Killed a royal mummy
 76337 | Zot:5    | Reached skill level 5 in Earth Magic
 76703 | Zot:5    | Noticed an orb of fire
 76705 | Zot:5    | Noticed an orb of fire
 76750 | Zot:5    | Killed an orb of fire
 76797 | Zot:5    | Killed an orb of fire
 77218 | Zot:5    | Noticed an orb of fire
 77236 | Zot:5    | Killed an orb of fire
 77751 | Zot:5    | Reached skill level 10 in Spellcasting
 77980 | Zot:5    | Noticed a dread lich
 78004 | Zot:5    | Killed a dread lich
 78095 | Zot:5    | Noticed a dread lich
 78113 | Zot:5    | Killed a dread lich
 78149 | Zot:5    | Noticed an orb of fire
 78176 | Zot:5    | Killed an orb of fire
 78179 | Zot:5    | Noticed a dread lich
 78198 | Zot:5    | Killed a dread lich
 78759 | Zot:5    | Got the Orb of Zot
 78828 | Zot:5    | Reached skill level 27 in Shields
 78830 | Zot:5    | Noticed Qiawn the pandemonium lord
 79072 | D:8      | Noticed Imoqay the pandemonium lord
 79093 | D:8      | Killed Imoqay the pandemonium lord
 79217 | D:$      | Escaped with the Orb!

Illustrated notes

Levels and vault maps discovered:
D:1:      spicycebolla_green_bress_n_ham, layout_loops_cross,
          hangedman_decor_clover_reticule
D:2:      layout_loops_cross, basic_altar, serial_shops,
          nicolae_shop_overgrown_old_shop, guppyfry_early_orc_mine, uniq_sigmund
D:3:      layout_loops_corners, mainiacjoe_overflow_concentric_impassable
D:4:      layout_rooms, serial_shops, shop, shop, shop,
          minmay_misc_feat_pillars, kennysheep_flooded_box, uniq_pikel,
          uniq_blork_the_orc, uniq_robin
D:5:      layout_loops_cross, zin_statuary, minmay_temple_entry_grid,
          lightli_corner_chamber
D:6:      layout_rooms, mainiacjoe_overflow_cross_hatched
D:7:      layout_loops_ring, mainiacjoe_overflow_paths,
          lemuel_coloured_pillars_altar, mainiacjoe_overflow_large_starburst,
          st_stairs_1, kennysheep_generic_room_2, uniq_prince_ribbit1
D:8:      layout_rooms, nicolae_tso_besieged_by_evil,
          ebering_ghost_funeral_grove, serial_rivers,
          chequers_serial_rivers_room_b, chequers_serial_rivers_micro_a,
          chequers_serial_rivers_small_a, chequers_serial_rivers_large_a,
          nicolae_shop_clearance, uniq_maggie
D:9:      layout_basic, kennysheep_generic_room_8
D:10:     layout_roguey, minitemple, david_lair_generic, enter_bailey_5,
          nicolae_transporter_circle, uniq_maurice
D:11:     layout_loops_corners, serial_rivers, chequers_serial_rivers_large_b,
          chequers_serial_rivers_room_b, chequers_serial_rivers_small_3,
          chequers_serial_rivers_micro_c, chequers_serial_rivers_small_b,
          st_stairs_13, nicolae_gozag_zags_fifth_avenue
D:12:     statuecave_lemuel, layout_basic, orc_0_dummy, special_room
          [special_room_bee], hangedman_decor_push, minmay_liquid_box
D:13:     layout_long_grid, grunt_vaults_entry_fortified, gauntlet_entry_generic
D:14:     layout_roguey, special_room [special_room_mythical_zoo],
          chequers_serial_rivers_micro_c, minmay_misc_feat_rows,
          interstate_on_off
D:15:     grunt_enter_depths_hoard, layout_cave_pools, enter_trove_3,
          minmay_misc_feat_doors, chequers_serial_rivers_room_a
Lair:1:   wad_woods_tower, layout_big_grid, st_stairs_13, uniq_harold,
          uniq_sonja
Lair:2:   layout_roguey, elwin_shoals_entry_rooms,
          nicolae_volcano_entry_batcave, grunt_megastairs_4
Lair:3:   layout_cave_pods, nicolae_spider_entry_non_spiders, uniq_amaemon
Lair:4:   layout_regular_city
Lair:5:   hangedman_lair_in_review, layout_layer_cave, wormcave, slime_entry_1,
          ebering_ghost_rock_garden
Shoals:1: layout_shoals, uniq_jorgrun
Shoals:2: layout_shoals, ebering_ghost_xom
Shoals:3: layout_shoals, uniq_polyphemus
Shoals:4: shoals_end_simple, layout_shoals
Spider:1: nicolae_spider_hilbert_zone_1 [nicolae_spider_hilbert_4_sides_1_open,
          nicolae_spider_hilbert_4_sides_1_open,
          nicolae_spider_hilbert_4_sides_1_open,
          nicolae_spider_hilbert_4_sides_1_open,
          nicolae_spider_hilbert_3_sides_1_open,
          nicolae_spider_hilbert_3_sides_1_open,
          nicolae_spider_hilbert_3_sides_1_open,
          nicolae_spider_hilbert_3_sides_1_open,
          nicolae_spider_hilbert_3_sides_1_open,
          nicolae_spider_hilbert_6_sides_1_open,
          nicolae_spider_hilbert_6_sides_1_open,
          nicolae_spider_hilbert_3_sides_1_open,
          nicolae_spider_hilbert_3_sides_1_open,
          nicolae_spider_hilbert_3_sides_1_open,
          nicolae_spider_hilbert_3_sides_1_open,
          nicolae_spider_hilbert_2_sides_1_open]
Spider:2: layout_chambers, nicolae_spider_rock_and_or_roll
Spider:3: nicolae_orb_stairs_large, hive_lemuel,
          hangedman_spider_tarantella_strand
Spider:4: grunt_spider_rune_parallel
Slime:1:  layout_caves
Slime:2:  layout_caves, special_room [special_room_jelly]
Slime:3:  layout_caves, nicolae_slime_rock_hall_of_fame
Slime:4:  layout_caves, basic_altar, nicolae_slime_barrier
Slime:5:  slime_pit_nicolae_inversion
Orc:1:    layout_caves, serial_shops, shop
Orc:2:    st_orc_congregation, layout_diamond_mine
Elf:1:    layout_gridlike, minmay_elf_sorcery, minmay_shop_star, uniq_norris
Elf:2:    nicolae_elf_blades_crystal_corner, layout_loops_corners, basic_altar,
          gammafunk_ghost_tricky_traps
Elf:3:    minmay_elf_hall_spiked, layout_geoelf_octagon, uniq_boris
Vaults:1: nicolae_vaults_closet_pinwheel_6, hangedman_vaults_stagger,
          nicolae_vaults_weapon_check, v_misc_8, v_misc_26,
          nicolae_vaults_network_square, vaults_dpeg_hooks,
          nicolae_vaults_double_plus_2, vaults_dpeg_cross,
          nicolae_vaults_house_3, nicolae_vaults_two_Ls,
          nicolae_vaults_storage_room_glass, vaults_mumra_hexcomb,
          layout_vaults_maze_snakey, uniq_asterion
Vaults:2: nicolae_vaults_mitosis, v_pattern_1, nicolae_vaults_more_shelving_1,
          minmay_crypt_entry_necro_gods, v_misc_5, layout_vaults_omnigrid
Vaults:3: infiniplex_enter_wizlab_spiral, nicolae_vaults_yaktaur_gun_rack,
          v_misc_16, nicolae_vaults_hallways_thing, st_hourglassy,
          nicolae_vaults_closet_pinwheel_4, v_pattern_5, v_misc_5,
          nicolae_vaults_asterisk, nicolae_vaults_network_periphery,
          hangedman_vaults_slice, layout_vaults_omnicross
Vaults:4: portal_desolation_entry_garden, nicolae_vaults_layer_cake_slice,
          vaults_mumra_minichess, nicolae_vaults_meiosis,
          nicolae_vaults_stepped_doors, vaults_room_boxed, v_misc_8,
          nicolae_vaults_double_plus_2, layout_vaults_ring, serial_shops, shop
Vaults:5
Crypt:1:  layout_misc_corridors, basic_altar, nicolae_crypt_diagonal_loculi,
          grunt_megastairs_1, grunt_crypt_arrival_webbed, uniq_zenata,
          uniq_mennas, uniq_bai_suzhen
Crypt:2:  lemuel_minitomb, layout_chaotic_city, serial_library_hellmonk_room_c,
          tekkud_shop_of_orbs, uniq_josephina
Crypt:3:  cryptofortress_bobbens, uniq_frederick
Depths:1: layout_cave_pools, hellmouth_1, abyss_entry,
          minmay_misc_feat_more_columns, minmay_stone_trees_medium,
          nicolae_ru_great_annihilating_truth
Depths:2: nooodl_heptagram, layout_basic, serial_shops, nicolae_stop_n_shop_2,
          nicolae_shop_waterfront, pan_entry, hell_entry, serial_bayou_pond_a,
          grunt_decor_fettered, grunt_tough_drop, uniq_nikola
Depths:3: minmay_shrinking_squares, layout_gridville, minmay_room_of_horrors,
          hangedman_tar_grid_catacomb, nicolae_stop_n_shop_2, minmay_shop_grove,
          grunt_megastairs_2
Depths:4: lemuel_castle_with_subvaults [lemuel_castle_interior_carwin_1],
          layout_long_grid, enter_ziggurat_e, cheibriados_altar_1,
          grunt_hell_horde
Hell
Zot:1:    layout_misc_corridors, st_large_dragon_hoard_3
Zot:2:    kennysheep_blocky_room, layout_twisted_circle, grunt_ministairs_3,
          uniq_tiamat, uniq_grunn
Zot:3:    layout_concentric_octagons
Zot:4:    layout_cellular_growth
Zot:5:    layout_misc_corridors

Skill      XL: |  1  2  3  4  5  6  7  8  9 10 11 12 13 14 15 16 17 18 19 20 21 22 23 24 25 26 27 |
---------------+----------------------------------------------------------------------------------+-----
Polearms       | 3 4 6 7 9 10 15 16 | 16.3
Fighting       | 4 6 7 8 9 11 12 15 17 19 20 21 22 23 24 25 27 | 27.0
Shields        | 4 5 6 7 8 10 11 14 15 16 17 20 27 | 27.0
Armour         | 3 4 5 7 8 9 10 | 10.9
Invocations    | 2 5 6 7 8 10 11 12 14 15 16 17 18 20 23 24 25 27 | 27.0
Dodging        | 5 9 18 20 | 20.9
Spellcasting   | 11 | 11.2
Translocations | 6 |  6.0
Earth Magic    | 8 |  8.2

Action                     |  1- 3 |  4- 6 |  7- 9 | 10-12 | 13-15 | 16-18 | 19-21 | 22-24 | 25-27 || total
---------------------------+-------+-------+-------+-------+-------+-------+-------+-------+-------++-------
  Melee: Trident           |    71 |   111 |   195 |   233 |   956 |  1254 |  1496 |  1853 |  4400 || 10569
         Halberd           |       |       |       |   264 |   181 |       |       |       |       ||   445
         Spear             |       |       |       |       |    16 |       |       |   323 |       ||   339
         Tailslap          |       |       |       |       |       |       |    37 |     2 |       ||    39
  Throw: Throwing net      |       |       |       |       |       |     1 |       |     4 |     7 ||    12
         Javelin           |       |       |       |       |       |       |       |       |     3 ||     3
   Cast: Lesser Beckoning  |       |       |       |       |       |       |       |       |     2 ||     2
 Invoke: Vitalisation      |       |       |     2 |    16 |    25 |    22 |    19 |    34 |    70 ||   188
         Recite            |       |       |     1 |    19 |    23 |    14 |    42 |    67 |   131 ||   297
         Sanctuary         |       |       |       |       |       |     1 |     1 |       |     1 ||     3
Ability: Evoke Blink       |       |       |       |     1 |       |     1 |       |       |       ||     2
  Evoke: Wand              |       |       |     3 |    18 |     7 |     8 |     4 |     4 |    15 ||    59
         Condenser vane    |       |       |       |       |     2 |     2 |     3 |     2 |     4 ||    13
         Phial of floods   |       |       |       |       |     1 |     1 |     1 |       |     3 ||     6
         Sack of spiders   |       |       |       |       |       |     2 |       |       |     2 ||     4
         Lightning rod     |       |       |       |       |       |       |     6 |     1 |     5 ||    12
    Use: Scroll            |     3 |     9 |     4 |    16 |    10 |    13 |     5 |     8 |    24 ||    92
         Potion            |     3 |     1 |     1 |    22 |     8 |    13 |     7 |     2 |    14 ||    71
   Stab: Paralysed         |       |       |     5 |     4 |    14 |       |       |    34 |    16 ||    73
         Invisible         |       |       |       |     4 |    22 |    21 |       |     4 |     4 ||    55
         Confused          |       |       |       |       |     7 |     6 |    40 |   103 |   147 ||   303
         Petrified         |       |       |       |       |     5 |       |       |       |       ||     5
         Held in net/web   |       |       |       |       |       |     2 |       |     6 |    15 ||    23
         Distracted        |       |       |       |       |       |     1 |       |     1 |     3 ||     5
 Armour: Scale mail        |    49 |    76 |   115 |    91 |       |       |       |       |       ||   331
         Plate armour      |       |       |       |   347 |   372 |   571 |   417 |   530 |  1186 ||  3423
  Dodge: Dodged            |    30 |    46 |    70 |   136 |   395 |   694 |   485 |   559 |  1415 ||  3830
  Block: Buckler           |    13 |    41 |    56 |    79 |   226 |   383 |   180 |       |       ||   978
         Kite shield       |       |       |       |       |       |       |   308 |   950 |  2906 ||  4164
